 Dungeon Crawl Stone Soup version 0.22-b1-21-g5cfc168 (webtiles) character file.

4421 letownia2 the Grappler (level 10, 0/70 HPs)
             Began as a Demonspawn Transmuter on Aug 3, 2018.
             Was a Priest of Cheibriados.
             Slain by a killer bee (5 damage)
             ... on level 8 of the Dungeon on Aug 4, 2018.
             The game lasted 00:45:34 (4931 turns).

letownia2 the Grappler (Demonspawn Transmuter)      Turns: 4931, Time: 00:45:36

Health: 0/70       AC:  2    Str: 23    XL:     10   Next: 14%
Magic:  16/24      EV: 21    Int: 22    God:    Cheibriados [***...]
Gold:   42         SH:  0    Dex: 25    Spells: 3/16 levels left

rFire    . . .     SeeInvis .     - Unarmed
rCold    . . .     Gourm    .   (shield currently unavailable)
rNeg     . . .     Faith    .   (armour currently unavailable)
rPois    x         Spirit   .   (helmet currently unavailable)
rElec    .         Reflect  .   (cloak currently unavailable)
rCorr    .         Harm     .   (gloves currently unavailable)
MR       .....                  (boots currently unavailable)
Stlth    ++++......             (no amulet)
HPRegen  0.21/turn              O - ring of magical power
MPRegen  0.19/turn              o - +2 ring of strength

@: spider-form, very slightly contaminated, drained, very slow
A: tiny, demonic guardian 1, nightstalker 2
a: End Transformation, Bend Time, Temporal Distortion, Renounce Religion


You were on level 8 of the Dungeon.
You worshipped Cheibriados.
Cheibriados was most pleased with you.
You were not hungry.
You were a venomous arachnid creature.
You visited 2 branches of the dungeon, and saw 10 of its levels.
You also visited: Bailey.

You collected 42 gold pieces.

Inventory:

Hand Weapons
 e - a +0 hand crossbow
 t - a +0 hunting sling
Missiles
 a - 45 arrows
 c - 47 sling bullets
 i - 26 tomahawks of returning (quivered)
 y - 25 bolts
 D - 12 poisoned needles
Armour
 f - a +0 leather armour
 A - a +2 pair of boots (melded)
 B - a +1 ring mail (melded)
 C - the +1 robe "Paurgh" {rElec rPois MR++ Stlth-}
   (You found it on level 5 of the Dungeon)

   It insulates you from electricity.
   It protects you from poison.
   It affects your resistance to hostile enchantments.
   It makes you less stealthy.
 E - a +0 scale mail
Jewellery
 l - an uncursed ring of flight {unknown}
 m - an uncursed ring of positive energy
 o - a +2 ring of strength (right front leg)
 O - a ring of magical power (left front leg)
Wands
 v - a wand of flame (14)
 z - a wand of random effects (47)
 I - a wand of polymorph (12)
Scrolls
 p - 2 scrolls of amnesia
 r - 3 scrolls of remove curse
 s - 2 scrolls of magic mapping
 w - a scroll of enchant weapon
 K - 2 scrolls of identify
 N - a scroll of acquirement {unknown}
Potions
 b - a potion of resistance
 g - a potion of ambrosia {unknown}
 h - a potion of haste {unknown}
 j - a potion of curing
 n - a potion of magic
 u - a potion of degeneration
 x - 2 potions of agility
 J - a potion of invisibility
 L - a potion of brilliance {unknown}
 M - a potion of experience {unknown}
Comestibles
 d - 10 rations
 k - 6 chunks of flesh


   Skills:
 + Level 3.0(2.9) Fighting
 - Level 2.3 Armour
 - Level 2.7(2.6) Dodging
 + Level 10.1(10.0) Unarmed Combat
 - Level 3.5(3.4) Spellcasting
 - Level 1.6 Conjurations
 + Level 5.0(4.9) Transmutations
 - Level 1.5(1.4) Fire Magic
 - Level 1.4 Ice Magic
 - Level 2.0(1.9) Poison Magic
 - Level 6.6(6.5) Invocations


You had 3 spell levels left.
You knew the following spells:

 Your Spells              Type           Power        Failure   Level  Hunger
c - Conjure Flame         Conj/Fire      ##......     38%         3    ###....
d - Flame Tongue          Conj/Fire      ##...        17%         1    None
i - Ice Form              Ice/Tmut       ###.....     54%         4    ####...
l - Sticks to Snakes      Tmut           ####....     9%          2    ##.....
p - Spider Form           Tmut/Pois      ###.......   22%         3    ###....

Your spell library contained the following spells:

 Spells                   Type           Power        Failure   Level  Hunger
 Fireball                 Conj/Fire      ##........   96%         5    ######.
 Lightning Bolt           Conj/Air       #.........   98%         5    ######.
 Throw Flame              Conj/Fire      ##....       24%         2    ##.....
 Sticky Flame             Conj/Fire      ##......     75%         4    ####...
 Blade Hands              Tmut           ####......   63%         5    ######.
 Shatter                  Erth           #.........   100%        9    #######
 Static Discharge         Conj/Air       #.......     47%         3    ###....
 Tornado                  Air            #.........   100%        9    #######
 Inner Flame              Hex/Fire       #.......     47%         3    ###....
 Beastly Appendage        Tmut           ####..       7%          1    None
 Ignition                 Fire           ##........   100%        8    #######


Dungeon Overview and Level Annotations

Branches:
Dungeon (9/15)             Temple (1/1) D:6
   Lair: D:8-11         Orc: D:9-12

Altars:
Cheibriados
Gozag
Kikubaaqudgha
Makhleb
Nemelex Xobeh
Okawaru
Qazlal
Ru
Sif Muna
Trog
Vehumet
Yredelemnul
Zin
The Shining One

Annotations:
D:7 Menkaure


Innate Abilities, Weirdness & Mutations

((You have a pair of small horns on your head.))
A weak demonic guardian rushes to your aid.
You are significantly more attuned to the shadows.


Message History

You hit the ogre.
The ogre is lightly wounded.
The bullfrog zombie barely misses you.
Unknown command.
You maul the ogre!!
The ogre is almost dead.
The bullfrog zombie hits you.
* * * LOW HITPOINT WARNING * * *
The ogre closely misses you.
Unknown command.
You hit the ogre.
The ogre is poisoned.
The ogre is almost dead.
You kill the ogre!
Cheibriados appreciates the change of pace.
Your base Fighting skill increases to level 3!
Your base Transmutations skill increases to level 5!
The bullfrog zombie misses you. The killer bee completely misses you.
You barely miss the killer bee. The bullfrog zombie closely misses you.
The killer bee stings you.
You die...

#.#.######..###
#...........#
#..#######..##### #..#
. #...... #..#
..#..... . #..#
/.'.#.. . #..# #...# .
#..#######.#y####.
#..........#sZ....
#.####....##.###.. #.#
##......# #.. #.#
#.##.### #.. #.#
#.##.# #.# # #.#
#....# #.# .#
#.########.#####.###.#
#.....)..............#
##########.#######.###


You could see a killer bee and a bullfrog zombie.

Vanquished Creatures
  An orc warlord (Bailey)
  Maurice (D:8)
  A hippogriff (D:8)
  A water moccasin (D:8)
  4 orc warriors
  2 black bears
  A necrophage (D:7)
  3 ogres
  A big kobold (D:7)
  2 bullfrogs
  6 scorpions
  10 killer bees
  2 wights (D:8)
  A howler monkey (D:4)
  2 crimson imps (D:5)
  A quasit (D:7)
  A bullfrog zombie (D:7)
  2 orc priests
  3 hounds
  5 orc wizards
  A bullfrog skeleton (D:7)
  Terence (D:3)
  An iguana (D:8)
  4 worker ants
  6 adders
  5 gnolls
  A shadow imp (D:5)
  A white imp (D:8)
  An adder zombie (D:4)
  2 worms
  3 dart slugs
  3 leopard geckos
  21 orcs
  4 bats
  3 giant cockroaches
  10 goblins
  8 hobgoblins
  4 jackals
  A quokka (D:2)
  3 ball pythons
  3 frilled lizards
  A jackal skeleton (D:4)
  A jackal zombie (D:5)
  23 kobolds
  6 rats
167 creatures vanquished.

Notes
Turn   | Place    | Note
-------+----------+-------------------------------------------
     0 | D:1      | letownia2 the Demonspawn Transmuter began the quest for the Orb.
     0 | D:1      | Reached XP level 1. HP: 15/15 MP: 3/3
    25 | D:1      | Reached skill level 3 in Unarmed Combat
   207 | D:1      | Gained mutation: You are slightly more attuned to the shadows. [demonic ancestry]
   207 | D:1      | Reached XP level 2. HP: 20/21 MP: 3/5
   263 | D:2      | Learned a level 2 spell: Sticks to Snakes
   335 | D:2      | Reached XP level 3. HP: 8/26 MP: 1/6
   389 | D:2      | Reached skill level 4 in Unarmed Combat
   560 | D:3      | Found an iron altar of Okawaru.
   875 | D:4      | Learned a level 3 spell: Spider Form
   889 | D:4      | Gained mutation: You have a pair of small horns on your head. [demonic ancestry]
   889 | D:4      | Reached XP level 4. HP: 16/32 MP: 2/7
   918 | D:4      | Reached skill level 1 in Armour
   918 | D:4      | Reached skill level 1 in Poison Magic
  1024 | D:4      | Reached XP level 5. HP: 12/37 MP: 4/8
  1062 | D:4      | Found a deep blue altar of Sif Muna.
  1072 | D:5      | Entered Level 5 of the Dungeon
  1463 | D:5      | Reached XP level 6. HP: 43/43 MP: 3/9
  1470 | D:5      | Found an ancient bone altar of Kikubaaqudgha.
  1631 | D:5      | Reached skill level 5 in Unarmed Combat
  1664 | D:5      | Reached XP level 7. HP: 9/48 MP: 2/11
  1922 | D:5      | Got a dull robe
  2009 | D:6      | Found a staircase to the Ecumenical Temple.
  2023 | Temple   | Entered the Ecumenical Temple
  2075 | Temple   | Became a worshipper of Cheibriados the Contemplative
  2108 | Temple   | Identified the +1 robe "Paurgh" {rElec rPois MR++ Stlth-} (You found it on level 5 of the Dungeon)
  2118 | D:6      | Reached skill level 6 in Unarmed Combat
  2138 | D:6      | Found a bloodstained altar of Trog.
  2439 | D:3      | Noticed Terence
  2446 | D:3      | Killed Terence
  2545 | D:7      | Learned a level 4 spell: Ice Form
  2564 | D:7      | Reached XP level 8. HP: 55/57 MP: 12/12
  2612 | D:7      | Reached * piety under Cheibriados
  2671 | D:7      | Reached skill level 7 in Unarmed Combat
  2799 | D:7      | Found a flagged portal.
  2989 | Bailey   | Entered a bailey
  3023 | Bailey   | HP: 2/57 [kobold (3)]
  3167 | Bailey   | Noticed an orc warlord
  3214 | Bailey   | Reached skill level 8 in Unarmed Combat
  3214 | Bailey   | Reached skill level 1 in Invocations
  3360 | Bailey   | Reached ** piety under Cheibriados
  3379 | Bailey   | Found a runed gate.
  3379 | Bailey   | Found a runed gate.
  3379 | Bailey   | Found a runed gate.
  3818 | Bailey   | Learned a level 3 spell: Conjure Flame
  3820 | Bailey   | Learned a level 1 spell: Flame Tongue
  3842 | Bailey   | Killed an orc warlord
  3842 | Bailey   | Reached skill level 9 in Unarmed Combat
  3842 | Bailey   | Gained mutation: You are significantly more attuned to the shadows. [demonic ancestry]
  3842 | Bailey   | Reached XP level 9. HP: 19/62 MP: 14/14
  4160 | D:7      | Found a basalt altar of Yredelemnul.
  4266 | D:8      | Reached skill level 10 in Unarmed Combat
  4370 | D:8      | Noticed Maurice
  4455 | D:8      | Killed Maurice
  4455 | D:8      | Reached skill level 1 in Conjurations
  4455 | D:8      | Reached skill level 1 in Fire Magic
  4455 | D:8      | Reached skill level 1 in Ice Magic
  4455 | D:8      | Gained mutation: A weak demonic guardian rushes to your aid. [demonic ancestry]
  4455 | D:8      | Reached XP level 10. HP: 48/68 MP: 15/15
  4521 | D:7      | Noticed Menkaure
  4598 | D:8      | Noticed a seven-headed hydra
  4744 | D:8      | Reached *** piety under Cheibriados
  4854 | D:8      | Found a radiant altar of Vehumet.
  4930 | D:8      | Reached skill level 5 in Transmutations
  4931 | D:8      | Slain by a killer bee

Skill      XL: |  1  2  3  4  5  6  7  8  9 10 |
---------------+-------------------------------+-----
Unarmed Combat | 3 4 5 6 9 10 | 10.1
Armour         | 1 2 |  2.3
Transmutations | 2 3 4 5 |  5.0
Poison Magic   | 1 2 |  2.0
Spellcasting   | 3 |  3.5
Fighting       | 2 3 |  3.0
Invocations    | 6 |  6.6
Dodging        | 2 |  2.7
Conjurations   | 1 |  1.6
Fire Magic     | 1 |  1.5
Ice Magic      | 1 |  1.4

Action                   |  1- 3 |  4- 6 |  7- 9 | 10-12 || total
-------------------------+-------+-------+-------+-------++-------
Melee: Unarmed           |   126 |    91 |   336 |    32 ||   585
       Headbutt          |     8 |     6 |    24 |     3 ||    41
       Kick              |    13 |     4 |       |       ||    17
       Punch             |     2 |       |     5 |     1 ||     8
 Fire: Hunting sling     |       |       |     7 |       ||     7
Throw: Tomahawk          |       |       |    21 |       ||    21
 Cast: Beastly Appendage |    25 |     4 |       |       ||    29
       Sticks to Snakes  |     5 |     2 |     2 |       ||     9
       Spider Form       |       |     9 |    16 |     4 ||    29
       Conjure Flame     |       |       |     1 |       ||     1
       Flame Tongue      |       |       |     1 |       ||     1
 Abil: End Transformatio |       |       |     1 |       ||     1
Evoke: Wand              |       |       |    17 |       ||    17
  Use: Scroll            |       |       |    11 |     7 ||    18
       Potion            |       |       |    10 |       ||    10
 Stab: Sleeping          |     1 |       |       |     1 ||     2
       Invisible         |       |       |     3 |       ||     3
  Eat: Chunk             |       |     2 |     9 |     2 ||    13
       Ration            |       |     1 |       |       ||     1
Armor: Robe              |     5 |       |     5 |       ||    10
       Leather armour    |    26 |     6 |    16 |       ||    48
       Skin              |       |     1 |    23 |       ||    24
       Ring mail         |       |       |   103 |     8 ||   111
Dodge: Dodged            |    79 |    55 |   278 |    34 ||   446
